 Dungeon Crawl Stone Soup version 0.29.1-12-g30fa7ad0bf (webtiles) character file.

Game seed: 9293131653417703351

8 hawla the Firebug (level 2, -2/20 HPs)
             Began as a Meteoran Fire Elementalist on Dec 25, 2022.
             Killed from afar by a dart slug (4 damage)
             ... with a slug dart
             ... on level 1 of the Dungeon.
             The game lasted 00:01:06 (88 turns).

hawla the Firebug (Meteoran Fire Elementalist)        Turns: 88, Time: 00:01:07

Health: -2/20      AC:  2    Str:  9    XL:     2   Next: 29%
Magic:  5/7        EV: 12    Int: 16    God:
Gold:   11         SH:  0    Dex: 14    Spells: 6/7 levels left

rFire   . . .      SeeInvis .   c - +2 dagger (venom)
rCold   . . .      Faith    .   (no shield)
rNeg    . . .      Spirit   .   a - +0 robe
rPois   .          Reflect  .   (no helmet)
rElec   .          Harm     .   (no cloak)
rCorr   .          Rampage  .   (no gloves)
Will    .....                   (no boots)
Stlth   +.........              (no amulet)
HPRegen 0.06/turn               (no ring)
MPRegen 0.10/turn               (no ring)

@: glowing
A: sense surroundings 1, otherworldly, glowing, explore regen
a: no special abilities


You were on level 1 of the Dungeon.
You visited 1 branch of the dungeon, and saw 1 of its levels.

You collected 11 gold pieces.

Inventory:

Hand Weapons
 c - a +2 dagger of venom (weapon)
Armour
 a - a +0 robe (worn)
Potions
 b - a potion of magic


   Skills:
 + Level 2.4 Dodging
 - Level 1.4 Stealth
 + Level 3.1 Spellcasting
 + Level 1.2 Conjurations
 + Level 4.0 Fire Magic


You had 6 spell levels left.
You knew the following spells:

 Your Spells              Type           Power      Damage    Failure   Level
a - Foxfire               Conj/Fire      40%        2x1d6     6%          1

Your spell library contained the following spells:

 Spells                   Type           Power      Damage    Failure   Level
 Scorch                   Fire           30%        2d7       5%          2
 Conjure Flame            Conj/Fire      10%        6-21      19%         3
 Inner Flame              Hex/Fire       8%         N/A       24%         3
 Flame Wave               Conj/Fire      10%        2d6       52%         4


Dungeon Overview and Level Annotations

Branches:
Dungeon (1/15) Zot: 511

Altars:


Innate Abilities, Weirdness & Mutations

You passively map a small area around you.
You are easily found by Zot.
You glow in the dark.
You regain HP and MP as you explore.


Message History

You feel sick.
You feel sick.
You feel sick.
You feel sick.
Things that are here:
5 stones; a kobold corpse You feel sick.
You feel sick.
You are no longer poisoned.
A dart slug comes into view.
You are too injured to fight recklessly!
You are too injured to fight recklessly!
You are too injured to fight recklessly!
You are too injured to fight recklessly!
The dart slug launches a dart at you. The slug dart hits you.
* * * LOW HITPOINT WARNING * * *
The dart slug launches a dart at you. The slug dart hits you.
* * * LOW HITPOINT WARNING * * *
The dart slug launches a dart at you. The slug dart hits you.
* * * LOW HITPOINT WARNING * * *
You hit the dart slug.
The dart slug is moderately wounded.
Casting: Foxfire (safe; 6% risk of failure)
Confirm with . or Enter, or press ? or * to list all spells.
You don't know that spell.
Casting: Foxfire (safe; 6% risk of failure)
Confirm with . or Enter, or press ? or * to list all spells.
You conjure some foxfire!
The dart slug barely misses you.
You hit the dart slug but do no damage.
The dart slug is moderately wounded.
The foxfire hits the dart slug.
The dart slug is severely wounded.
The foxfire hits the dart slug.
The dart slug is almost dead.
The dart slug launches a dart at you. The slug dart hits you.
You die...

* , .# , .# ., , .
*.# ##.# * .
.##...# * *. .....
, ###. ... * #...
##.# #... #@w# *
###... #.#..######
#...<.
#.##......###.#...
#.#######§........
#.# #§..####...
#.######.### #...
#...#....# #...
###...#.## ###..
##..#....####....#


You could see a dart slug.

Vanquished Creatures
  A ball python (D:1)
  A bat (D:1)
  2 giant cockroaches (D:1)
  A hobgoblin (D:1)
  A kobold (D:1)
6 creatures vanquished.

Vanquished Creatures (others)
  15 foxfires (D:1)
15 creatures vanquished.

Grand Total: 21 creatures vanquished

Notes
Turn   | Place    | Note
-------+----------+-------------------------------------------
     0 | D:1      | hawla the Meteoran Fire Elementalist began the quest for
                  | the Orb.
     0 | D:1      | Reached XP level 1. HP: 14/14 MP: 5/5
    52 | D:1      | Reached XP level 2. HP: 18/20 MP: 4/7
    54 | D:1      | Reached skill level 4 in Fire Magic
    88 | D:1      | Killed from afar by a dart slug

Illustrated notes

Levels and vault maps discovered:
D:1:      wander_arrival_peaceful_grave, layout_rooms, serial_glass,
          glass_columns_a, glass_columns_a, feat_on_display, minmay_box_of_dots

Skill      XL: |  1  2 |
---------------+-------+-----
Spellcasting   | 3 |  3.1
Fire Magic     | 4 |  4.0
Dodging        | |  2.4
Stealth        | |  1.4
Conjurations   | |  1.2

Action                   || total
-------------------------++-------
Melee: Unarmed           ||     2
       Dagger            ||     2
 Cast: Foxfire           ||     9
Armor: Robe              ||     1
Dodge: Dodged            ||     2
